Map: Dusk Towers

Players

subarnabumi - Winner!

  • Race: Terran Terran

Nano

  • Race: Terran Terran
  • League: Bronze

VOD

Have the link to the VOD?

Description

Time

  • Played on: Jan. 20, 2016, 8:34 p.m.
  • Length: 7:12
Show
View Real Time Build Order
Export as new Build Order

subarnabumi Terran - Winner!

Build Orders: MMM Bio 

Get SALT Encoding   

  12  0:01  SCV  
  13  0:13  SCV  
  14  0:19  Supply Depot  
  14  0:25  SCV  
  15  0:29  Refinery  
  15  0:41  SCV  
  16  0:47  Barracks  
  16  0:53  SCV  
  17  1:04  Supply Depot  
  17  1:05  SCV  
  18  1:17  SCV  
  19  1:24  Barracks  
  19  1:30  SCV  
  20  1:40  Barracks Tech Lab  
  20  1:42  SCV  
  21  1:50  Barracks  
  21  1:58  Combat Shields  
  21  2:06  SCV  
  22  2:11  Barracks Reactor  
  22  2:13  Marine  
  23  2:28  Supply Depot, SCV  
  24  2:32  Marauder  
  26  2:40  Barracks Reactor  
  26  2:43  Barracks Tech Lab  
  26  2:49  Orbital Command  
  26  2:52  Marine  
  26  2:53  Marauder  
  29  3:02  Marine  
  29  3:03  Marine  
  31  3:10  Stimpack, Marine  
  32  3:14  Marine  
  32  3:19  Supply Depot  
  33  3:32  Marauder  
  33  3:33  Marine, Marauder  
  38  3:36  Marine  
  39  3:51  Marine  
  39  3:53  Marine x2  
  39  3:54  Marine  
  43  4:07  Supply Depot  
  43  4:09  Marine  
  44  4:11  Marine, Marauder  
  44  4:12  Supply Depot  
  47  4:29  Marauder, Marine x2  
  51  4:32  Marine  
  52  4:41  Supply Depot  
  52  4:46  Marine  
  52  4:47  Marine  
  52  4:50  Marauder, Marine  
  57  5:04  Marine  
  57  5:05  Marine  
  59  5:08  Marauder  
  59  5:11  Marine  
  62  5:22  Marine  
  63  5:39  Marine  
  64  5:49  Marine  
  65  5:50  Command Center  
  65  5:51  Marauder x2  
  69  5:57  Marine  
  70  6:07  Marine  
  71  6:17  Marine  
  71  6:22  Marine  
  71  6:25  Marine x2  
  68  6:35  Marine  
  68  6:39  Marine  
  67  6:43  Marine x2  
  69  6:53  Marine  
Show
View Real Time Build Order
Export as new Build Order

Nano Terran 

Build Orders:  

Get SALT Encoding   

  12  0:07  SCV  
  13  0:20  SCV  
  14  0:28  Supply Depot  
  14  0:32  SCV  
  14  0:34  Supply Depot  
  15  0:48  Refinery  
  15  0:50  SCV  
  16  1:00  Barracks  
  16  1:04  Barracks  
  16  1:07  SCV  
  17  1:19  SCV  
  18  1:26  Engineering Bay  
  18  1:33  SCV  
  19  1:44  Barracks  
  19  1:45  SCV  
  20  1:52  Marine  
  21  1:58  SCV  
  22  2:01  Terran Infantry Armor Level 1  
  22  2:18  Marine  
  22  2:19  Refinery  
  23  2:25  SCV  
  24  2:33  Supply Depot  
  24  2:35  Barracks Tech Lab  
  24  2:42  SCV  
  24  2:43  Factory  
  25  2:57  SCV  
  27  2:59  Marauder  
  27  3:03  Barracks Reactor  
  28  3:21  SCV  
  28  3:25  Marauder  
  28  3:26  Supply Depot, Stimpack  
  31  3:34  Factory Tech Lab  
  31  3:38  Orbital Command  
  31  3:48  Marine x2  
  31  3:50  Starport  
  33  4:03  Marauder  
  33  4:07  Marine x2  
  37  4:13  SCV  
  38  4:17  Terran Infantry Weapons Level 1  
  38  4:42  Marine x2  
  38  4:43  Marauder  
  42  4:47  Command Center  
  42  4:55  Medivac  
  44  5:04  SCV  
  45  5:12  Supply Depot  
  45  5:14  Marine x2  
  47  5:34  Marauder, Medivac  
  51  5:37  Supply Depot  
  51  5:48  Marine x2  
  53  6:03  Supply Depot  
  53  6:11  SCV  
  53  6:12  SCV  
  53  6:13  Marauder  
  53  6:15  Medivac  
  61  6:18  Siege Tank  
  59  6:30  Supply Depot  
Tags
 
Composition
MMM Bio
League
Bronze
Matchup
TvT
Race
Terran
Add a new tag
Caveats
  • Supply blocks, unpowered buildings, or Contaminate may cause inaccurate times.
  • Supply counts are checked every 10 seconds.